 Dungeon Crawl Stone Soup version 0.28.0-47-ge53b351184 (webtiles) character file.

Game seed: 13757102132717523172

396 issech the Ducker (level 6, 0/61 HPs)
             Began as a Troll Fighter on Apr 28, 2022.
             Slain by a phantom (8 damage)
             ... on level 5 of the Dungeon.
             The game lasted 00:11:45 (3839 turns).

issech the Ducker (Troll Fighter)                   Turns: 3839, Time: 00:11:45

Health: 0/61       AC:  4    Str: 25    XL:     6   Next: 52%
Magic:  5/5        EV:  9    Int:  4    God:
Gold:   222        SH:  8    Dex: 11    Spells: 5/5 levels left

rFire   . . .      SeeInvis .   r - +2 dagger (venom)
rCold   . . .      Faith    .   c - +0 kite shield
rNeg    . . .      Spirit   .   b - +0 robe
rPois   .          Reflect  .   (helmet restricted)
rElec   .          Harm     .   (no cloak)
rCorr   .          Rampage  .   (gloves unavailable)
Will    .....                   (boots unavailable)
Stlth   +.........              (no amulet)
HPRegen 1.00/turn               (no ring)
MPRegen 0.09/turn               (no ring)

@: no status effects
A: large, unfitting armour, claws 3, regeneration 1, shaggy fur 1, tough skin 1
a: no special abilities


You were on level 5 of the Dungeon.
You visited 1 branch of the dungeon, and saw 5 of its levels.

You collected 222 gold pieces.

Inventory:

Hand Weapons
 a - a +0 flail
 q - a +0 hunting sling
 r - a +2 dagger of venom (weapon)
Missiles
 g - 89 stones (quivered)
 h - 64 arrows
 o - 9 curare-tipped darts
 u - 8 poisoned darts
 v - 48 bolts
 w - 16 sling bullets
Armour
 b - a +0 robe (worn)
 c - a +0 kite shield (worn)
Scrolls
 e - a scroll of teleportation {unknown}
 f - a scroll of enchant weapon {unknown}
 j - a scroll of fog {unknown}
 k - 4 scrolls of identify {unknown}
 m - 3 scrolls of fear {unknown}
 p - a scroll of vulnerability {unknown}
 s - 2 scrolls of noise {unknown}
 x - a scroll of amnesia {unknown}
Potions
 d - a potion of might
 i - a potion of brilliance {unknown}
 l - 2 potions of curing {unknown}
 n - a potion of degeneration {unknown}
 t - a potion of mutation {unknown}


   Skills:
 + Level 3.3 Fighting
 + Level 2.0 Short Blades
 + Level 2.9 Maces & Flails
 + Level 0.3 Throwing
 + Level 3.7 Dodging
 + Level 0.6 Stealth
 + Level 3.3 Shields


You had 5 spell levels left.
You didn't know any spells.
Your spell library contained the following spells:

 Spells                   Type           Power      Damage    Failure   Level
 Pain                     Necr           0%         1d4       80%         1
 Sting                    Tmut/Pois      0%         1d3       80%         1
 Poisonous Vapours        Pois/Air       0%         N/A       90%         2
 Olgreb's Toxic Radiance  Pois           0%         N/A       100%        4
 Agony                    Necr           0%         N/A       100%        5
 Excruciating Wounds      Necr           0%         N/A       100%        5


Dungeon Overview and Level Annotations

Branches:
Dungeon (5/15)
 Temple: D:4-7

Altars:
Uskayaw

Portals:
Sewer: D:5


Innate Abilities, Weirdness & Mutations

You are too large for most types of armour.
You have claws for hands.
Your natural rate of healing is unusually fast.
You are covered in fur. (AC +1)
You have tough skin. (AC +1)


Message History

You hit the phantom.
The phantom is heavily damaged.
You block the phantom's attack.
You closely miss the phantom.
The phantom is heavily damaged.
The worm closely misses you. The phantom barely misses you.
You closely miss the phantom.
The phantom is heavily damaged.
You block the phantom's attack. The worm bites you.
* * * LOW HITPOINT WARNING * * *
You closely miss the phantom.
The phantom is heavily damaged.
The phantom closely misses you.
You hit the phantom but do no damage.
The phantom is heavily damaged.
The worm bites you!
* * * LOW HITPOINT WARNING * * *
The phantom closely misses you.
You hit the phantom but do no damage.
The phantom is heavily damaged.
The phantom hits you.
* * * LOW HITPOINT WARNING * * *
The phantom blinks!
You blink.
Splash!
You block the phantom's attack. The phantom closely misses you.
You see here a giant cockroach corpse.
The phantom hits you.
* * * LOW HITPOINT WARNING * * *
The phantom blinks!
You blink.
You hit the phantom.
The phantom is heavily damaged.
The phantom closely misses you.
You closely miss the phantom.
The phantom is heavily damaged.
The phantom barely misses you.
You barely miss the phantom.
The phantom is heavily damaged.
The phantom hits you!
You die...

##≈≈####≈≈##
#≈≈≈≈≈≈≈≈≈≈##.#
##rr####≈≈###.#
#≈## ##≈#.#.#
#B#≈∩≈≈B≈#.#.#
#≈#≈r≈≈≈≈#.#.#
#≈##≈≈####.#.#
##≈w####≈≈##..#
#≈≈≈≈≈†≈≈≈≈.W@#
##≈≈####≈≈###>#
#####..####.#.# .
#...##.####...#
.###.............#
.......###.####..#
.#......##.#
...... #..)...##.#
#.#.#.##
##......##.#
#.#.....


You could see a phantom.

Vanquished Creatures
  An ogre (D:5)
  A kobold brigand (D:4)
  4 orc wizards
  4 adders
  An adder skeleton (D:4)
  5 dart slugs
  A worm (D:2)
  11 orcs
  9 ball pythons
  5 endoplasms
  4 giant cockroaches
  7 goblins
  8 hobgoblins
  2 jackals (D:2)
  2 quokkas (D:1)
  2 bats (D:1)
  8 frilled lizards
  13 kobolds
  8 rats
  A bush (D:2)
97 creatures vanquished.

Vanquished Creatures (others)
  14 plants (D:2)
14 creatures vanquished.

Grand Total: 111 creatures vanquished

Notes
Turn   | Place    | Note
-------+----------+-------------------------------------------
     0 | D:1      | issech the Troll Fighter began the quest for the Orb.
     0 | D:1      | Reached XP level 1. HP: 22/22 MP: 0/0
   271 | D:1      | Reached XP level 2. HP: 29/29 MP: 1/1
   705 | D:1      | Reached XP level 3. HP: 30/36 MP: 2/2
  1582 | D:2      | Reached XP level 4. HP: 44/44 MP: 3/3
  2010 | D:3      | Found a hide-covered altar of Uskayaw.
  2368 | D:3      | Reached XP level 5. HP: 52/53 MP: 4/4
  2539 | D:3      | Reached skill level 1 in Short Blades
  3012 | D:4      | Reached XP level 6. HP: 53/61 MP: 5/5
  3723 | D:5      | Entered Level 5 of the Dungeon
  3807 | D:5      | Found a glowing drain.
  3830 | D:5      | HP: 2/61 [worm (10)]
  3839 | D:5      | Slain by a phantom

Illustrated notes

Levels and vault maps discovered:
D:1:      elethiomel_arrival_infinity_welcomes_careful_drivers,
          layout_loops_cross
D:2:      layout_basic, chequers_serial_rivers_micro_a, lexackson_kobold_supper
D:3:      layout_loops_ring, nicolae_uskayaw_murder_on_the_dancefloor
D:4:      layout_gridville
D:5:      layout_basic, temple_hall, gup_sewer_entry_bubbles, uniq_ijyb,
          uniq_crazy_yiuf_cottage, uniq_grinder

Skill      XL: |  1  2  3  4  5  6 |
---------------+-------------------+-----
Maces & Flails | 2 |  2.9
Dodging        | 3 |  3.7
Shields        | 3 |  3.3
Fighting       | 3 |  3.3
Short Blades   | 1 2 |  2.0
Throwing       | |  0.3
Stealth        | |  0.6

Action                   |  1- 3 |  4- 6 || total
-------------------------+-------+-------++-------
Melee: Flail             |   170 |    98 ||   268
       Dagger            |       |   183 ||   183
Throw: Stone             |     5 |     5 ||    10
 Stab: Sleeping          |     1 |       ||     1
Armor: Robe              |    67 |    28 ||    95
Dodge: Dodged            |    71 |    71 ||   142
Block: Kite shield       |    68 |    61 ||   129
